cohdb
Replays
Latest Replays
All Replays
Popular Replays
Top Player Replays
Match Explorer
How It Works
Community
CoH3 Stats
Reddit
Sign in to upload your games and track your stats! →
Sign in with Steam
Match 41140441
Unlisted
Match 41140441
Overview
Messages
Build Orders
End
Construct Barracks
1⁄4-ton 4x4 Truck
Riflemen Squad
Riflemen Squad
Construct Weapon Support Center
Engineer Squad
Air Support Center
Grasshopper Recon Run
P-47 Strafing Run
M1919 Machine Gun Team
Grenade Package
Grasshopper Recon Run
M3 Armored Personnel Carrier
P-47 Strafing Run
Construct Motor Pool
Grasshopper Recon Run
M8 Greyhound Armored Car
Grasshopper Recon Run
M1 Anti-tank Gun Team
Selects Armored Battlegroup
Selects Fast Deploy
Selects M8 Scott SPG
P-47 Strafing Run
Grasshopper Recon Run
M8 Scott SPG
Engineer Squad
P-47 Strafing Run
Grasshopper Recon Run
M1918 Browning Automatic Rifles
P-47 Strafing Run
Grasshopper Recon Run
Selects Assault Engineers
Selects Field Repairs
Grasshopper Recon Run
Selects War Machine
M24 Chaffee Light Tank
Grasshopper Recon Run
Assault Engineer Squad
M1 Anti-tank Gun Team
Grasshopper Recon Run
la
Ж | Zoomer
cћk247
jonafrag
0
0
Comments
sign in to comment!
No comments posted yet!